 Dungeon Crawl Stone Soup version 0.31.0-11-ge490571c62 (webtiles) character file.

Game seed: 3273895204422468682

44 wildpjah the Gusty (level 3, -4/19 HPs)
             Began as a Tengu Air Elementalist on Feb 9, 2024.
             Slain by Natasha (7 damage)
             ... on level 2 of the Dungeon.
             The game lasted 00:01:56 (1407 turns).

wildpjah the Gusty (Tengu Air Elementalist)         Turns: 1407, Time: 00:01:56

Health: -4/19      AC:  2    Str:  8    XL:     3   Next: 62%
Magic:  7/7        EV: 12    Int: 17    God:
Gold:   168        SH:  0    Dex: 14    Spells: 5/6 levels left

rFire   . . .        (no weapon)
rCold   . . .        (no shield)
rNeg    . . .        a - +0 robe
rPois   .            (helmet restricted)
rElec   .            (no cloak)
rCorr   .            (no gloves)
SInv    .            (boots unavailable)
Will    .....        (no amulet)
Stlth   ++           (no ring)
HPRegen 0.23/turn    (no ring)
MPRegen 0.10/turn

%: acrobat
@: no status effects
A: beak, talons 3, acrobatic
a: no special abilities


You were on level 2 of the Dungeon.
You visited 1 branch of the dungeon, and saw 2 of its levels.

You collected 168 gold pieces.

Inventory:

Missiles
 i - a throwing net
Armour
 a - a +0 robe (worn)
Scrolls
 c - 3 scrolls of teleportation {unknown}
 d - 2 scrolls of identify {unknown}
 e - a scroll of enchant armour {unknown}
 f - a scroll of revelation {unknown}
 g - a scroll of poison {unknown}
Potions
 b - a potion of magic
 h - 2 potions of mutation {unknown}
 j - a potion of ambrosia {unknown}


   Skills:
 + Level 0.1 Fighting
 + Level 2.7 Dodging
 + Level 2.2 Stealth
 + Level 2.3 Spellcasting
 + Level 2.1 Conjurations
 + Level 4.7 Air Magic


You had 5 spell levels left.
You knew the following spells:

 Your Spells              Type           Power      Damage    Failure   Level
a - Shock                 Conj/Air       52%        1d6       4%          1

Your spell library contained the following spells:

 Spells                   Type           Power      Damage    Failure   Level
 Static Discharge         Conj/Air       26%        3-5/arc   7%          2
 Swiftness                Air            18%        N/A       8%          3
 Airstrike                Air            9%         2d(2-18)  26%         4


Dungeon Overview and Level Annotations

Branches:
Dungeon (2/15)

Altars:

Annotations:
D:2 Natasha


Innate Abilities, Weirdness & Mutations

You have a beak for a mouth.
You have claws for feet.
You can magically evade attacks while moving or waiting.


Message History

You hit the bat. You claw the bat.
You kill the bat!
HP restored.
Things that are here:
a bat corpse; a jackal corpse; a jackal corpse
d - 2 scrolls labelled ITIACV YBBO (gained 1)
Found 4 stones.
c - 3 scrolls labelled ERROAP XITIRPHA (gained 1)
Found a pair of boots.
Found a stone staircase leading down.
You see here 4 stones.
Found a stone staircase leading up.
Natasha and a frilled lizard come into view.
The frilled lizard hisses angrily.
A ribbon worm and a quokka come into view.
Natasha hisses angrily.
The quokka moves out of view.
A goblin comes into view. It is wielding a +1 dagger of venom.
The goblin shouts!
You hear a shout!
Natasha claws you.
A goblin comes into view. It is wielding a +0 dagger.
The frilled lizard completely misses you.
Natasha attacks as she pursues you! Natasha barely misses you.
The ribbon worm expels a string of sticky webbing.
The stream of webbing hits you but does no damage.
You are caught in a web!
There is a web here.
The web tears apart.
Natasha claws you!
You hit the ribbon worm but do no damage.
Natasha casts a spell at you. The magic dart hits you.
* * * LOW HITPOINT WARNING * * *
The ribbon worm bites you.
* * * LOW HITPOINT WARNING * * *
You are too injured to fight recklessly!
You are too injured to fight recklessly!
You hit Natasha but do no damage. Your kick misses Natasha.
Natasha mewls in sadness.
Natasha claws you!
You die...
Natasha begins licking her fur clean.

#...####.##.(#.......# ....
#...# #.#>.....##...#.....
#...# #.#...##......#.....
#...####.#.....#...........
#........#...#.......#...##
#........#...#....[........
#........#...#.............
#............#..lh#.g....g.
#...#....#.#.#..@w.....#...
#...#...........#.#..### ..
#..........#.#r......... .
##...................###
#...#####.#.#.....#..#
#....................#
##.#†#####...#.#......#
...#.#####...#. ##.. .
............


You could see a ribbon worm, Natasha, a quokka, a goblin and a frilled lizard.

Vanquished Creatures
  An adder (D:2)
  A dart slug (D:1)
  A ribbon worm (D:2)
  5 ball pythons (D:1)
  3 endoplasms (D:1)
  A giant cockroach (D:2)
  2 goblins (D:1)
  2 jackals (D:2)
  A quokka (D:1)
  3 bats
  4 frilled lizards
  3 kobolds
  4 rats (D:1)
31 creatures vanquished.

Notes
Turn   | Place    | Note
-------+----------+-------------------------------------------
     0 | D:1      | wildpjah the Tengu Air Elementalist began the quest for the
                  | Orb.
     0 | D:1      | Reached XP level 1. HP: 10/10 MP: 4/4
   121 | D:1      | Reached XP level 2. HP: 8/15 MP: 0/6
   807 | D:1      | Reached XP level 3. HP: 19/19 MP: 5/7
  1399 | D:2      | Noticed Natasha
  1407 | D:2      | Slain by Natasha

Illustrated notes

Levels and vault maps discovered:
D:1:      minmay_arrival_radiant_lines, layout_basic
D:2:      layout_basic, dreamdust_wishing_well, uniq_crazy_yiuf_cottage,
          uniq_natasha

Skill      XL: |  1  2  3 |
---------------+----------+-----
Conjurations   | 2 |  2.1
Fighting       | |  0.1
Dodging        | |  2.7
Stealth        | |  2.2
Spellcasting   | |  2.3
Air Magic      | |  4.7

Action                     || total
---------------------------++-------
  Melee: Unarmed           ||    22
         Kick              ||     3
         Peck              ||     1
   Cast: Shock             ||    54
 Armour: Robe              ||    32
  Dodge: Dodged            ||    31
